Map: Romanticide LE

Players

NeRVe - Winner!

  • Race: Zerg Zerg
  • League: Master
  • Spawn Location: 5:00

Osiris

  • Race: Terran Terran
  • League: Diamond
  • Spawn Location: 11:00

VOD

Have the link to the VOD?

Description

Time

  • Played on: Jan. 16, 2021, 4:14 a.m.
  • Length: 2:43
Show
View Real Time Build Order
Export as new Build Order

NeRVe Zerg - Winner!

Build Orders: Pool First 

Get SALT Encoding   

  12  0:03  Drone  
  13  0:25  Spawning Pool  
  13  0:26  Drone  
  13  0:30  Drone  
  14  0:41  Overlord  
  14  0:47  Drone, Extractor  
  15  1:12  Zergling x6  
  18  1:22  Hatchery  
  18  1:23  Zergling x2  
  18  1:37  Zergling x2, Queen  
  21  1:49  Overlord  
  21  1:56  Drone  
  22  2:03  Extractor  
  21  2:16  Drone  
Show
View Real Time Build Order
Export as new Build Order

Osiris Terran 

Build Orders: Reaper Expand 

Get SALT Encoding   

  12  0:00  SCV  
  13  0:12  SCV  
  14  0:17  Supply Depot  
  14  0:24  SCV  
  15  0:38  SCV  
  15  0:39  Barracks  
  16  0:43  Refinery  
  16  0:51  SCV  
  17  1:03  SCV  
  18  1:15  SCV  
  19  1:26  Reaper  
  19  1:28  Orbital Command  
  20  1:40  Command Center  
  20  1:48  Supply Depot  
  20  1:53  SCV  
  21  1:58  Marine  
  22  2:08  SCV  
  23  2:10  Factory  
  22  2:17  Marine  
  16  2:40  Command Center  
Tags
 
Add a new tag
Caveats
  • Supply blocks, unpowered buildings, or Contaminate may cause inaccurate times.
  • Supply counts are checked every 10 seconds.